AoeStats
← epic porc epic

Arena

510420487Analyzed
4v4 RM · 18h ago on Sep 30, 2026· 51m 59s· 8 players
Game mode
Random Map
Map size
Large (8 player)
Population
200
Speed
Normal
Resources
Standard
Victory
Conquest
Starting age
Dark Age
Ending age
Imperial Age
RankedLock teamsTeams togetherTeam positionsShared explorationLock speedFull tech treeHidden civsTurbo modeCheats
Victory
Defeat
🇦🇷 Danes · Argentina
904
+15
🇦🇷 Japanese · Argentina
903
+15
🇦🇷 Khmer · Argentina
900
+15
🇺🇸 Franks · United States
876
+16
🇹🇼 Danes · Taiwan
962
-18
🇧🇷 Franks · Brazil
899
-16
🇨🇦 Armenians · Canada
840
-36
🇨🇦 Burgundians · Canada
814
-35
ElTrigo1587
7:49 Loom
9:35 Feudal Age
12:19 Wheelbarrow
13:41 Horse Collar
18:12 Castle Age
16:45 Gold Mining
17:00 Double-Bit Axe
18:30 Fletching
18:40 Padded Archer Armor
21:20 Hand Cart
23:09 Bodkin Arrow
23:29 Leather Archer Armor
24:47 Bloodlines
24:37 Husbandry
27:04 Leather Archer Armor
27:28 Ballistics
29:18 Thumb Ring
39:29 Imperial Age
37:18 Bow Saw
37:10 Heavy Plow
37:47 Gold Shaft Mining
37:03 Stone Mining
39:59 Cranequins
41:33 Husbandry
42:38 Chemistry
42:14 Bracer
42:44 Ring Archer Armor
45:33 Heavy Mounted Crossbowman
Hendrax
11:38 Feudal Age
12:43 Stone Mining
12:44 Double-Bit Axe
21:10 Castle Age
21:39 Forging
21:37 Scale Barding Armor
22:12 Wheelbarrow
23:03 Town Watch
23:06 Loom
23:13 Town Watch
23:41 Treadmill Crane
25:03 Husbandry
27:25 Hand Cart
29:54 Chain Barding Armor
30:31 Bow Saw
32:23 Gold Mining
39:26 Imperial Age
37:44 Caravan
39:06 Gold Shaft Mining
39:41 Iron Casting
39:54 Cavalier
41:37 Blast Furnace
41:13 Plate Barding Armor
41:17 Conscription
42:38 Paladin
43:25 Chivalry
Rafther87
10:10 Feudal Age
19:10 Castle Age
17:31 Stone Mining
21:31 Wheelbarrow
28:27 Scale Mail Armor
29:08 Forging
36:05 Iron Casting
35:45 Chain Mail Armor
35:51 Chain Mail Armor
43:48 Hand Cart
48:28 Imperial Age
ayrton_TDR
11:15 Feudal Age
11:47 Horse Collar
18:03 Castle Age
17:45 Gold Mining
18:35 Bloodlines
18:45 Scale Barding Armor
21:02 Husbandry
28:50 Heavy Plow
30:01 Tusk Swords
32:41 Gold Shaft Mining
37:13 Caravan
38:20 Chain Barding Armor
38:12 Forging
41:42 Imperial Age
39:50 Wheelbarrow
42:35 Hand Cart
42:54 Stone Mining
45:04 Stone Shaft Mining
47:14 Chemistry
46:37 Ballistics
45:46 Elite Ballista Elephant
46:28 Double Crossbow
46:52 Conscription
epic porc epic
14:09 Feudal Age
14:34 Horse Collar
15:07 Double-Bit Axe
17:12 Gold Mining
17:15 Man-at-Arms
19:09 Wheelbarrow
21:31 Scale Mail Armor
21:36 Scale Barding Armor
21:30 Stone Mining
21:54 Town Watch
23:00 Forging
22:44 Long Swordsman
22:48 Pikeman
23:53 Fletching
24:04 Padded Archer Armor
28:34 Castle Age
29:57 Chain Mail Armor
31:00 Bow Saw
31:30 Gold Shaft Mining
31:00 Elite Skirmisher
31:02 Crossbowman
31:07 Halberdier
31:49 Squires
35:43 Hand Cart
35:41 Heavy Plow
37:44 Bodkin Arrow
39:05 Two-Handed Swordsman
39:35 Gambesons
41:48 Leather Archer Armor
41:38 Town Patrol
45:39 Champion
MarkedMantis233
0:50 Loom
4:44 Wheelbarrow
10:26 Double-Bit Axe
11:51 Horse Collar
17:00 Feudal Age
16:52 Gold Mining
16:53 Stone Mining
18:25 Gold Shaft Mining
17:52 Heavy Plow
18:16 Bow Saw
19:05 Hand Cart
19:12 Town Watch
26:26 Arson
26:02 Man-at-Arms
28:56 Padded Archer Armor
28:47 Fletching
29:03 Scale Barding Armor
28:58 Scale Mail Armor
29:08 Forging
35:08 Castle Age
36:21 Crop Rotation
36:30 Stone Shaft Mining
36:59 Two-Man Saw
36:11 Elite Skirmisher
36:12 Crossbowman
36:55 Squires
36:15 Pikeman
36:16 Long Swordsman
37:01 Husbandry
36:22 Cavalier
36:22 Light Cavalry
50:06 Leather Archer Armor
49:48 Bodkin Arrow
ftgiants
10:47 Feudal Age
20:40 Castle Age
19:10 Double-Bit Axe
20:01 Gold Mining
22:38 Stone Mining
23:11 Scale Barding Armor
24:54 Wheelbarrow
38:24 Padded Archer Armor
42:32 Gold Shaft Mining
42:09 Bow Saw
44:26 Forging
TAE_YANG
9:51 Feudal Age
8:36 Loom
14:04 Castle Age
12:14 Double-Bit Axe
12:25 Horse Collar
15:36 Bow Saw
16:19 Heavy Plow
22:09 Gold Mining
23:45 Wheelbarrow
23:58 Ballistics
24:30 Scale Mail Armor
24:40 Forging
25:31 Chain Mail Armor
26:09 Gambesons
26:12 Arson
26:28 Squires
27:42 Iron Casting
29:39 Fletching
29:50 Padded Archer Armor
30:15 Hand Cart
32:09 Bodkin Arrow
32:29 Leather Archer Armor
35:31 Imperial Age
34:01 Thumb Ring
36:29 Masonry
40:35 Bracer
Connection lost

Rejoining the realm…

Still unreachable

The connection could not be restored.

Session expired

The server has moved on; the page needs a fresh start.